 Dungeon Crawl Stone Soup version 0.31-a0-210-gccc998df9b (webtiles) character file.

Game seed: 6581104278394516034

225 qw the Shooter (level 5, -1/47 HPs)
             Began as a Minotaur Hexslinger on June 29, 2023.
             Slain by Eustachio
             ... wielding a +0 falchion
              (6 damage)
             ... on level 6 of the Dungeon.
             The game lasted 00:00:50 (1952 turns).

qw the Shooter (Minotaur Hexslinger)                Turns: 1952, Time: 00:00:51

Health: -1/47      AC:  5    Str: 12    XL:     5   Next: 68%
Magic:  5/5        EV: 11    Int: 10    God:
Gold:   109        SH:  0    Dex: 15    Spells: 5/6 levels left

rFire   . . .        Y - +1 sling
rCold   . . .        (no shield)
rNeg    . . .        d - +0 ring mail
rPois   .            (helmet restricted)
rElec   .            (no cloak)
rCorr   .            (no gloves)
SInv    .            (no boots)
Will    .....        (no amulet)
Stlth   +            (no ring)
HPRegen 0.27/turn    (no ring)
MPRegen 0.09/turn

%: no passive effects
@: no status effects
A: horns 2, retaliatory headbutt
a: no special abilities


You were on level 6 of the Dungeon.
You visited 1 branch of the dungeon, and saw 4 of its levels.

You collected 130 gold pieces.
You spent 21 gold pieces at shops.


Innate Abilities, Weirdness & Mutations

You have a pair of horns on your head.
You reflexively headbutt those who attack you in melee.


   Skills:
 - Level 4.6 Fighting
 + Level 5.0 Ranged Weapons
 - Level 1.0 Armour
 - Level 2.1 Dodging
 - Level 1.0 Spellcasting
 - Level 2.0 Hexes


You had 5 spell levels left.
You knew the following spells:

 Your Spells              Type           Power      Damage    Failure   Level
a - Slow                  Hex            16%        N/A       34%         1

Your spell library contained the following spells:

 Spells                   Type           Power      Damage    Failure   Level
 Inner Flame              Hex/Fire       2%         N/A       83%         3
 Portal Projectile        Hex/Tloc       4%         N/A       83%         3
 Cause Fear               Hex            2%         N/A       98%         4

Inventory:

Hand Weapons
 Y - a +1 sling (weapon)
Armour
 d - a +0 ring mail (worn)
 e - the +0 ring mail "Amylig" {Int+2}
   (You found it on level 3 of the Dungeon)

   Int:       It affects your intelligence (+2).
 f - a scarf of repulsion
Scrolls
 b - 3 scrolls of identify
 c - a scroll of fog {unknown}
Potions
 a - a potion of curing {unknown}
 g - a potion of magic {unknown}

Dungeon Overview and Level Annotations

Branches:
Dungeon (3/15)

Altars:
Elyvilon
Vehumet
Yredelemnul

Shops:
D:1 *

Annotations:
D:6 Eustachio


Message History

The rat's corpse disappears in a puff of smoke!
You feel sick.
The bat disappears in a puff of smoke!
The bat closely misses you.
You shoot a sling bullet.
The sling bullet barely misses Eustachio.
The sling bullet hits the river rat.
The river rat is lightly wounded.
You feel sick.
You are no longer poisoned.
The bat misses you. Eustachio hits you with a +0 falchion.
Eustachio gestures wildly while chanting.
Eustachio blinks!
The rat bites you.
You shoot a sling bullet. The sling bullet hits the river rat.
The river rat is moderately wounded.
The river rat closely misses you. The rat bites you but does no damage.
The bat hits you but does no damage.
You shoot a sling bullet. The sling bullet hits the river rat.
The river rat is heavily wounded.
The bat barely misses you. The river rat bites you.
The quokka closely misses you. The rat closely misses you.
The river rat bites you. The quokka barely misses you.
The bat closely misses you.
You shoot a sling bullet.
The sling bullet hits the river rat but does no damage.
The river rat is heavily wounded.
The bat barely misses you. You furiously retaliate!
You headbutt the bat!
You kill the bat!
The bat's corpse disappears in a puff of smoke!
The rat bites you. The quokka barely misses you.
The river rat barely misses you. You furiously retaliate!
You headbutt the river rat. You shoot a sling bullet.
The sling bullet hits the river rat but does no damage.
The river rat is severely wounded.
Eustachio closely misses you. The rat barely misses you.
You furiously retaliate!
You headbutt the rat, but do no damage.
The quokka bites you but does no damage.
The river rat bites you. The rat misses you.
Eustachio hits you with a +0 falchion.
You die...

..#.## ###. .###.#..
.... ..#.#.#####
#... .........# ...
#.....#.# ####..
###...#.#.#
......##.....#.#.#
##.r..#.#...#.#
#..r@##.#.###.######
+..r@##............#
#....####.###.####.#
....... #.# #.# #.#
###...#. #.# #.# #.#
.... .# #.# #.####.#
####. .. #.#
#......# .. .. ..#
######## #.#


You could see Eustachio, a river rat (summoned), a quokka (summoned) and a rat
(summoned).

Vanquished Creatures
  A water moccasin (D:6)
  A hound (D:2)
  3 adders (D:2)
  2 dart slugs
  7 endoplasms
  A giant cockroach (D:2)
  8 goblins
  5 hobgoblins
  2 jackals (D:3)
  6 kobolds
  8 ball pythons
  5 bats
  3 frilled lizards
  3 rats
55 creatures vanquished.

Notes
Turn   | Place    | Note
-------+----------+-------------------------------------------
     0 | D:1      | qw the Minotaur Hexslinger began the quest for the Orb.
     0 | D:1      | Reached XP level 1. HP: 16/16 MP: 1/1
     0 | D:1      | 0 ||| qw: Version: 0.3-a-24-ga2abf7b
     0 | D:1      | 0 ||| qw: Game counter: 6809
     0 | D:1      | 0 ||| qw: Melee chars always use a shield: true
     0 | D:1      | 0 ||| qw: God list: Okawaru
     0 | D:1      | 0 ||| qw: Allow faded altars: false
     0 | D:1      | 0 ||| qw: Do Orc after clearing Dungeon:15 true
     0 | D:1      | 0 ||| qw: Do second Lair branch before Depths: true
     0 | D:1      | 0 ||| qw: Lair rune preference: random
     0 | D:1      | 0 ||| qw: Goals: Normal
     0 | D:1      | 0 ||| PLANNING D:1-11
    49 | D:1      | Reached skill level 3 in Ranged Weapons
    49 | D:1      | Reached XP level 2. HP: 23/23 MP: 2/2
   342 | D:1      | Found Guroent's Assorted Antiques.
   345 | D:1      | 345 ||| SHOPLISTING glowing leather armour (120 gold, have
                  | 41).
   345 | D:1      | 345 ||| SHOPLISTING pair of gloves (108 gold, have 41).
   345 | D:1      | 345 ||| BUYING puce potion (21 gold).
   345 | D:1      | Bought a puce potion for 21 gold pieces
   345 | D:1      | 345 ||| SHOPLISTING runed cloak (180 gold, have 20).
   345 | D:1      | 345 ||| SHOPLISTING scroll labelled JEH ED DUXKAJE (24
                  | gold, have 20).
   345 | D:1      | 345 ||| SHOPLISTING scroll labelled RENAOC JACKI (24 gold,
                  | have 20).
   527 | D:1      | Reached XP level 3. HP: 26/29 MP: 3/3
   657 | D:1      | 657 ||| UPGRADING to +0 ring mail.
   667 | D:1      | 667 ||| DROPPING +0 robe.
   668 | D:1      | 668 ||| READING scroll labelled VICKIAM ADOOFO.
   669 | D:1      | 669 ||| DRINKING 2 puce potions.
   670 | D:1      | 670 ||| DROPPING scroll of poison.
   671 | D:1      | 671 ||| DROPPING potion of attraction.
   917 | D:2      | Reached skill level 4 in Ranged Weapons
   970 | D:2      | 970 ||| FLEEEEING.
   971 | D:2      | 971 ||| FLEEEEING.
   972 | D:2      | 972 ||| FLEEEEING.
   973 | D:2      | 973 ||| FLEEEEING.
   974 | D:2      | 974 ||| FLEEEEING.
   975 | D:2      | 975 ||| FLEEEEING.
   976 | D:2      | 976 ||| FLEEEEING.
  1087 | D:2      | Reached skill level 1 in Armour
  1090 | D:2      | Identified the +3 flail of Objectivity {freeze, rF+}
  1214 | D:2      | HP: 6/29 [hound (2)]
  1218 | D:2      | Reached XP level 4. HP: 7/36 MP: 4/4
  1223 | D:2      | Reached skill level 5 in Ranged Weapons
  1223 | D:2      | 1223 ||| FLEEEEING.
  1224 | D:2      | 1224 ||| FLEEEEING.
  1225 | D:2      | 1225 ||| FLEEEEING.
  1226 | D:2      | 1226 ||| FLEEEEING.
  1227 | D:2      | 1227 ||| FLEEEEING.
  1229 | D:2      | 1229 ||| FLEEEEING.
  1230 | D:2      | 1230 ||| FLEEEEING.
  1231 | D:2      | 1231 ||| FLEEEEING.
  1232 | D:2      | 1232 ||| FLEEEEING.
  1237 | D:2      | 1237 ||| FLEEEEING.
  1238 | D:2      | 1238 ||| FLEEEEING.
  1239 | D:2      | 1239 ||| FLEEEEING.
  1240 | D:2      | 1240 ||| FLEEEEING.
  1241 | D:2      | 1241 ||| FLEEEEING.
  1242 | D:2      | 1242 ||| FLEEEEING.
  1246 | D:2      | 1246 ||| STAIRDANCE
  1326 | D:1      | 1326 ||| READING scroll labelled PAORULU TALUATEBB.
  1327 | D:1      | 1327 ||| READING 2 scrolls labelled RENAOC JACKI.
  1328 | D:1      | 1328 ||| READING scroll labelled SEPNYMN LUDAO.
  1329 | D:1      | 1329 ||| READING scroll labelled JEH ED DUXKAJE.
  1654 | D:3      | Found a radiant altar of Vehumet.
  1689 | D:3      | Identified the +0 ring mail "Amylig" {Int+2}
  1715 | D:3      | Found a white marble altar of Elyvilon.
  1805 | D:3      | Found a basalt altar of Yredelemnul.
  1895 | D:3      | You fall into a shaft and drop 3 floors!
  1933 | D:6      | Noticed Eustachio
  1933 | D:6      | Noticed a water moccasin
  1942 | D:6      | Killed a water moccasin
  1943 | D:6      | Reached XP level 5. HP: 24/47 MP: 5/5
  1950 | D:6      | HP: 10/47 [river rat[Eustachio] (3)]
  1952 | D:6      | Slain by Eustachio

Levels and vault maps discovered:
D:1:      scummos_arrival_hexagon, layout_basic, serial_shops, shop
D:2:      layout_basic, st_stairs_1
D:3:      minmay_wonky_spiral, layout_loops_cross,
          nicolae_overflow_crystal_walls, kennysheep_ying_yang
D:6:      layout_basic, gammafunk_ghost_gnarly_gnolls, uniq_menkaure,
          uniq_eustachio, uniq_pikel

Skill      XL: |  1  2  3  4 |
---------------+-------------+-----
Ranged Weapons | 3 4 5 |  5.0
Fighting       | 2 4 |  4.6
Armour         | 1 |  1.0
Dodging        | |  2.1
Spellcasting   | |  1.0
Hexes          | |  2.0

Action                     |  1- 3 |  4- 6 || total
---------------------------+-------+-------++-------
   Fire: Sling             |   134 |    51 ||   185
    Use: Scroll            |     1 |     4 ||     5
         Potion            |     1 |       ||     1
 Armour: Robe              |     4 |       ||     4
         Ring mail         |    18 |    13 ||    31
  Dodge: Dodged            |    48 |    33 ||    81

Table legend:
 A = Non-vault XP
 B = Vault XP
 C = Vault XP percentage of total XP
 D = Non-vault monster count
 E = Vault monster count
 F = Vault count percentage of total count
                 A         B        C        D         E       F
            +---------+---------+-------+---------+---------+-------
      Total |     320 |       2 |   0.6 |      54 |       1 |   1.8
            +---------+---------+-------+---------+---------+-------
        D:1 |      44 |       0 |   0.0 |      26 |       0 |   0.0
        D:2 |     110 |       2 |   1.8 |      19 |       1 |   5.0
        D:3 |      13 |       0 |   0.0 |       8 |       0 |   0.0
        D:6 |     153 |       0 |   0.0 |       1 |       0 |   0.0
            +---------+---------+-------+---------+---------+-------
